 Dungeon Crawl Stone Soup version 0.29.1-1-gd02db69 (webtiles) character file.

Game seed: 16899553891001483878

5855 MatthieuS the Spear-Bearer (level 11, 0/87 HPs)
             Began as a Human Fighter on Nov 1, 2022.
             Was a Priest of Makhleb.
             Slain by a hornet (13 damage)
             ... on level 8 of the Dungeon.
             The game lasted 00:18:03 (10640 turns).

MatthieuS the Spear-Bearer (Human Fighter)         Turns: 10640, Time: 00:18:03

Health: 0/87       AC: 18    Str: 21    XL:     11   Next: 7%
Magic:  11/11      EV:  9    Int: 13    God:    Makhleb [***...]
Gold:   1589       SH:  9    Dex: 13    Spells: 10/10 levels left

rFire   + . .      SeeInvis .   t - +1 trident (vorpal)
rCold   . . .      Faith    .   c - +0 buckler
rNeg    . . .      Spirit   .   b - +0 scale mail
rPois   .          Reflect  +   m - +1 helmet of Dothu {rElec}
rElec   +          Harm     .   B - +2 cloak
rCorr   .          Rampage  .   (no gloves)
Will    .....                   (no boots)
Stlth   ..........              v - amulet of Accord {Reflect Int+5 SH+5}
HPRegen 0.24/turn               C - +4 ring of protection
MPRegen 0.12/turn               F - ring of protection from fire

@: mighty
A: no striking features
a: Renounce Religion, Minor Destruction, Lesser Servant of Makhleb


You were on level 8 of the Dungeon.
You worshipped Makhleb.
Makhleb was most pleased with you.
You visited 1 branch of the dungeon, and saw 8 of its levels.
You also visited: Bailey.

You collected 1589 gold pieces.

Inventory:

Hand Weapons
 t - a +1 vorpal trident (weapon)
Missiles
 l - 7 throwing nets
 y - 7 poisoned darts (quivered)
Armour
 b - a +0 scale mail (worn)
 c - a +0 buckler (worn)
 m - the +1 helmet of Dothu (worn) {rElec}
   (You acquired it in a bailey)

   rElec:     It insulates you from electricity.
 B - a +2 cloak (worn)
 I - a scarf of invisibility
Jewellery
 a - a +6 ring of strength
 j - a ring of magical power
 s - a +6 ring of intelligence
 v - the amulet of Accord (around neck) {Reflect Int+5 SH+5}
   (You found it on level 3 of the Dungeon)

   [amulet of reflection]

   It reflects blocked missile attacks.
   Int:       It affects your intelligence (+5).
   SH:        It affects your SH (+5).
 C - a +4 ring of protection (left hand)
 F - a ring of protection from fire (right hand)
 J - an amulet of the acrobat
Wands
 k - a wand of charming (18)
 A - a wand of mindburst (6)
 H - a wand of digging (10)
Scrolls
 g - 8 scrolls of teleportation
 h - 3 scrolls of fear
 u - 2 scrolls of amnesia
 w - a scroll of enchant weapon {unknown}
 x - 3 scrolls of blinking {unknown}
 E - 3 scrolls of poison
 G - 2 scrolls of noise {unknown}
 M - a scroll of magic mapping {unknown}
Potions
 e - 2 potions of flight {unknown}
 f - 2 potions of lignification {unknown}
 i - a potion of cancellation {unknown}
 n - 2 potions of mutation {unknown}
 p - a potion of haste {unknown}
 q - 2 potions of brilliance {unknown}
 r - a potion of magic {unknown}
 z - a potion of berserk rage {unknown}
 D - 2 potions of ambrosia {unknown}
 L - a potion of attraction {unknown}


   Skills:
 + Level 8.6 Fighting
 * Level 11.4 Polearms
 + Level 8.5 Armour
 - Level 3.0 Shields


You had 10 spell levels left.
You didn't know any spells.
Your spell library contained the following spells:

 Spells                   Type           Power      Damage    Failure   Level
 Sandblast                Erth           0%         2d4       69%         1
 Sting                    Tmut/Pois      0%         1d3       69%         1
 Summon Small Mammal      Summ           0%         N/A       69%         1
 Ensorcelled Hibernation  Hex/Ice        0%         N/A       83%         2
 Passwall                 Tmut/Erth      0%         N/A       83%         2
 Poisonous Vapours        Pois/Air       0%         N/A       83%         2
 Call Canine Familiar     Summ           0%         N/A       96%         3
 Portal Projectile        Hex/Tloc       0%         N/A       96%         3
 Stone Arrow              Conj/Erth      0%         3d7       96%         3
 Summon Guardian Golem    Hex/Summ       0%         N/A       96%         3
 Swiftness                Air            0%         N/A       96%         3
 Leda's Liquefaction      Hex/Erth       0%         N/A       100%        4
 Olgreb's Toxic Radiance  Pois           0%         N/A       100%        4


Dungeon Overview and Level Annotations

Branches:
Dungeon (8/15)             Temple (0/1) D:6            Lair (0/5) D:8
 Bailey (visited)

Altars:
Ashenzari
Fedhas
Gozag
Hepliaklqana
Kikubaaqudgha
Makhleb
Nemelex Xobeh
Okawaru
Sif Muna

Shops:
D:6 :   D:8 (


Message History

The hornet is heavily wounded.
You feel sick. The hornet stings you!
You feel as though you will be slow longer.
The hornet stings you but does no damage.
Unknown command.
You completely miss the hornet.
The hornet is heavily wounded.
You feel sick. The hornet stings you.
* * * LOW HITPOINT WARNING * * *
You suddenly lose the ability to move!
You feel sick. The hornet stings you.
* * * LOW HITPOINT WARNING * * *
You shrug off the repeated paralysis!
The hornet stings you but does no damage.
You can move again.
You feel better. The hornet stings you!
* * * LOW HITPOINT WARNING * * *
You are poisoned.
You feel as though you will be slow longer.
The hornet barely misses you.
Unknown command.
You feel better.
You feel yourself speed up. The hornet stings you.
* * * LOW HITPOINT WARNING * * *
You feel yourself slow down. The hornet misses you.
You feel very mighty all of a sudden.
You feel yourself speed up. The hornet stings you!
* * * LOW HITPOINT WARNING * * *
You feel yourself slow down. The hornet barely misses you. x2
You miss the hornet.
The hornet is moderately wounded.
The hornet closely misses you.
The hornet stings you but does no damage.
Unknown command.
You puncture the hornet!
The hornet is severely wounded.
You feel yourself speed up. The hornet stings you!
You die...

..............##
.............##
..........####
............
...........
..........# #
..........##### .##
##...#...###..####...#
##.#.#..........@....#
##.#......?.#####y...#
...........## ....#
...#......## #...#
#####......# ...# #
#....†.# ...# #
#......### ..# #
##........# ##. #
#.....###..


You could see a hornet.

Vanquished Creatures
  An orc warlord (Bailey)
  A hornet (D:8)
  2 steam dragons
  A water moccasin (D:7)
  3 ice beasts
  10 orc warriors
  A black bear (D:7)
  2 ogres
  4 centaurs
  A kobold brigand (D:5)
  A necrophage (D:5)
  2 bullfrogs (D:8)
  A scorpion (D:6)
  5 gnoll sergeants
  11 wights
  2 howler monkeys (D:7)
  A jelly (D:6)
  2 gnoll boudas (D:6)
  7 hounds
  5 iguanas
  2 orc priests
  3 orc wizards
  9 adders
  30 gnolls
  A shadow imp (D:6)
  2 white imps
  2 ufetubi (D:4)
  2 dart slugs (D:1)
  34 orcs
  4 bats
  10 endoplasms
  A giant cockroach (D:3)
  14 goblins
  13 hobgoblins
  7 jackals
  2 quokkas
  2 ball pythons
  3 frilled lizards
  9 kobolds
  4 rats
217 creatures vanquished.

Vanquished Creatures (collateral kills)
  3 orc warriors (Bailey)
  A gnoll (Bailey)
  2 hobgoblins (Bailey)
6 creatures vanquished.

Grand Total: 223 creatures vanquished

Notes
Turn   | Place    | Note
-------+----------+-------------------------------------------
     0 | D:1      | MatthieuS the Human Fighter began the quest for the Orb.
     0 | D:1      | Reached XP level 1. HP: 18/18 MP: 1/1
   171 | D:1      | Reached XP level 2. HP: 23/24 MP: 2/2
   514 | D:1      | Reached XP level 3. HP: 29/29 MP: 3/3
   522 | D:1      | Found a faded altar of an unknown god.
   975 | D:2      | Found a hazy altar of Hepliaklqana.
  1331 | D:1      | Reached skill level 3 in Polearms
  1340 | D:2      | Reached XP level 4. HP: 26/35 MP: 4/4
  2225 | D:3      | Reached XP level 5. HP: 25/42 MP: 5/5
  2427 | D:3      | Noticed a centaur
  2583 | D:3      | Killed a centaur
  2584 | D:3      | Reached skill level 4 in Polearms
  2584 | D:3      | Reached XP level 6. HP: 17/48 MP: 6/6
  2843 | D:3      | Identified the amulet of Accord {Reflect Int+5 SH+5}
  3719 | D:4      | Found a hazy altar of Hepliaklqana.
  3728 | D:4      | Found a burning altar of Makhleb.
  3730 | D:4      | Found a broken altar of Ashenzari.
  3730 | D:4      | Found a sparkling altar of Nemelex Xobeh.
  3731 | D:4      | Found an ancient bone altar of Kikubaaqudgha.
  3757 | D:4      | Became a worshipper of Makhleb the Destroyer
  4171 | D:4      | Reached skill level 5 in Polearms
  4171 | D:4      | Reached XP level 7. HP: 49/55 MP: 7/7
  4830 | D:5      | Entered Level 5 of the Dungeon
  4863 | D:5      | Found an iron altar of Okawaru.
  5153 | D:5      | Reached skill level 5 in Fighting
  5153 | D:5      | Reached skill level 6 in Polearms
  5153 | D:5      | Reached skill level 5 in Armour
  5229 | D:5      | Reached XP level 8. HP: 58/62 MP: 8/8
  6470 | D:5      | Reached * piety under Makhleb
  6543 | D:5      | Reached skill level 7 in Polearms
  7016 | D:6      | Reached XP level 9. HP: 41/69 MP: 9/9
  7377 | D:6      | Found an opulent altar of Gozag.
  7383 | D:6      | Found a staircase to the Ecumenical Temple.
  7409 | D:6      | Reached skill level 8 in Polearms
  7466 | D:6      | Reached ** piety under Makhleb
  7630 | D:6      | Found Paschusk Oret's Book Shop.
  8240 | D:7      | Reached skill level 9 in Polearms
  8677 | D:7      | Reached XP level 10. HP: 79/79 MP: 10/10
  9013 | D:8      | Reached skill level 10 in Polearms
  9154 | D:8      | Found a flagged portal.
  9164 | Bailey   | Entered a bailey
  9172 | Bailey   | Identified a scroll of acquirement
  9172 | Bailey   | Acquired 1027 gold pieces
  9414 | Bailey   | Reached *** piety under Makhleb
 10019 | Bailey   | Noticed an orc warlord
 10052 | Bailey   | Killed an orc warlord
 10053 | Bailey   | Reached skill level 11 in Polearms
 10306 | Bailey   | Acquired the +1 helmet of Dothu {rElec}
 10370 | D:8      | Reached XP level 11. HP: 82/87 MP: 11/11
 10466 | D:8      | Found a staircase to the Lair.
 10531 | D:8      | Found a shimmering blue altar of Sif Muna.
 10537 | D:8      | Found a blossoming altar of Fedhas.
 10567 | D:8      | Found Likh's Antique Weapon Boutique.
 10608 | D:8      | Paralysed by a hornet for 1 turns
 10634 | D:8      | Paralysed by a hornet for 2 turns
 10640 | D:8      | Slain by a hornet

Illustrated notes

Levels and vault maps discovered:
D:1:      spicycebolla_arrival_clurvy, layout_basic,
          hellmonk_ecumenical_altar_blasted
D:2:      layout_loops_cross, basic_altar
D:3:      layout_basic
D:4:      layout_loops_ring, grunt_temple_overflow_open, minmay_bisected
D:5:      layout_rooms, nicolae_overflow_crystal_walls
D:6:      layout_cave_pools, overflow_temple_1_default,
          minmay_temple_entry_mini_moons, serial_gnoll_camp,
          gnoll_camp_medium_01, gnoll_camp_mini_loothouse,
          gnoll_camp_mini_basic, gnoll_camp_mini_shop, gnoll_camp_mini_house,
          minmay_misc_feat_hallway
D:7:      layout_loops_ring
D:8:      layout_rooms, mainiacjoe_overflow_divided_tiny, lair_entry_dummy,
          serial_shops, shop_fountains, nicolae_shop_behind_doors,
          enter_bailey_2

Skill      XL: |  1  2  3  4  5  6  7  8  9 10 |
---------------+-------------------------------+-----
Polearms       | 3 4 5 6 7 9 11 | 11.4
Fighting       | 4 5 7 8 |  8.6
Armour         | 4 5 6 7 8 |  8.5
Shields        | |  3.0

Action                   |  1- 3 |  4- 6 |  7- 9 | 10-12 || total
-------------------------+-------+-------+-------+-------++-------
Melee: Trident           |    85 |   176 |   445 |   288 ||   994
Throw: Throwing net      |       |       |     1 |       ||     1
  Use: Potion            |       |     1 |     2 |     5 ||     8
       Scroll            |       |       |     3 |     7 ||    10
 Stab: Held in net/web   |       |       |     1 |       ||     1
Armor: Scale mail        |    43 |    46 |   157 |    92 ||   338
Dodge: Dodged            |    47 |    70 |   168 |    64 ||   349
Block: Buckler           |    24 |    74 |   203 |    96 ||   397
       Reflection        |       |       |     8 |       ||     8
